TOP OF THE 1ST |
Red Deer Wranglers batting - Pitching for Menlo Maniacs : RHP José Córdova
|
Pitching: RHP José Córdova
|
|
Batting: RHB Art Cameron
|
0-0: Ball 1-0: Ball 2-0: Called Strike 2-1: Foul Ball, location: 2F 2-2: Ball 3-2: Base on Balls
|
Batting: LHB Jorge Olvera
|
0-0: Ball 1-0: Ball 2-0: Ground out 4-3 (Groundball, 34) Art Cameron to second
|
Batting: RHB Luis Ibarra
|
0-0: Ball Wild Pitch! Art Cameron to third 1-0: Called Strike 1-1: Swinging Strike 1-2: Ball 2-2: Strikes out swinging
|
Batting: LHB Fred Abrams
|
0-0: Ball 1-0: Called Strike 1-1: Ball 2-1: Called Strike 2-2: Ball 3-2: Foul Ball, location: 2F 3-2: Base on Balls
|
Batting: RHB Xavier López
|
0-0: Called Strike 0-1: Fielders Choice at 2nd, 6-4 (Groundball, 6)
|
Top of the 1st over - 0 run(s), 0 hit(s), 0 error(s), 1 left on base; Red Deer 0 - Menlo 0 |
BOTTOM OF THE 1ST |
Menlo Maniacs batting - Pitching for Red Deer Wranglers : RHP William Bryant
|
Pitching: RHP William Bryant
|
|
Batting: RHB António López
|
0-0: Ball 1-0: Reached via error on a dropped throw, E1
|
Batting: RHB Gilberto León
|
0-0: Ball 1-0: Ball Throwing error on steal attempt, E2 António López to third 2-0: Called Strike 2-1: Fly out, F9 (Flyball, 9LS) Runner from 3rd tags up, SCORES, throw made
|
Batting: RHB Currito Campos
|
0-0: Ball 1-0: SINGLE (Groundball, 3D)
|
Batting: RHB Jason Blair
|
0-0: Called Strike 0-1: Ball 1-1: Foul Ball, location: 2F 1-2: Ball 2-2: Foul Ball, location: 2F 2-2: Foul Ball, location: 2F 2-2: Strikes out looking
|
Batting: RHB Joe Noble
|
0-0: Swinging Strike 0-1: Foul Ball, location: 2F 0-2: Strikes out looking
|
Bottom of the 1st over - 1 run(s), 1 hit(s), 2 error(s), 1 left on base; Red Deer 0 - Menlo 1 |
TOP OF THE 2ND |
Red Deer Wranglers batting - Pitching for Menlo Maniacs : RHP José Córdova
|
Batting: RHB Ben Fisher
|
0-0: Ball 1-0: Ball 2-0: Called Strike 2-1: Ball 3-1: Called Strike 3-2: Strikes out looking
|
Batting: RHB Steve Burton
|
0-0: Ball 1-0: SINGLE (Flyball, 8LS)
|
Batting: RHB Ricardo González
|
0-0: Ball 1-0: Ball 2-0: Swinging Strike 2-1: Foul Ball, location: 2F 2-2: Foul Ball, location: 2F 2-2: Foul Ball, location: 2F 2-2: Foul Ball, location: 2F 2-2: Ball 3-2: Strikes out swinging Steve Burton steals 2nd base Batter strikes out.
|
Batting: RHB Luis Peña
|
0-0: Foul Ball, location: 2F 0-1: Called Strike 0-2: SINGLE (Flyball, 9LM) Steve Burton to third Runner from 3rd tries for Home, SAFE, no throw
|
Batting: RHB Art Cameron
|
0-0: Ball 1-0: Ball 2-0: Foul Ball, location: 2F 2-1: Called Strike Luis Peña is caught stealing 2nd base
|
Top of the 2nd over - 1 run(s), 2 hit(s), 0 error(s), 0 left on base; Red Deer 1 - Menlo 1 |
BOTTOM OF THE 2ND |
Menlo Maniacs batting - Pitching for Red Deer Wranglers : RHP William Bryant
|
Batting: LHB Tim Ramsey
|
0-0: Ball 1-0: Ball 2-0: Ball 3-0: Foul Ball, location: 2F 3-1: Base on Balls
|
Batting: LHB César Rodríguez
|
0-0: Foul Ball, location: 2F 0-1: Ball 1-1: Foul Ball, location: 2F 1-2: Strikes out looking
|
Batting: RHB Jorge Valenzuela
|
0-0: Fielders Choice at 2nd, 6-4 (Groundball, 6)
|
Batting: RHB Spencer Pritchett
|
0-0: Ball 1-0: Fly out, F4 (Flyball, 4MD)
|
Bottom of the 2nd over - 0 run(s), 0 hit(s), 0 error(s), 1 left on base; Red Deer 1 - Menlo 1 |
TOP OF THE 3RD |
Red Deer Wranglers batting - Pitching for Menlo Maniacs : RHP José Córdova
|
Batting: RHB Art Cameron
|
0-0: Swinging Strike 0-1: Foul Ball, location: 2F 0-2: Strikes out swinging
|
Batting: LHB Jorge Olvera
|
0-0: Ball 1-0: Called Strike 1-1: Ball 2-1: Ball 3-1: Base on Balls
|
Batting: RHB Luis Ibarra
|
0-0: DOUBLE (Line Drive, 7LM) Jorge Olvera to third Runner from 3rd tries for Home, SAFE, throw made at trailing runner, SAFE at third!
|
Batting: LHB Fred Abrams
|
0-0: Called Strike 0-1: Ball 1-1: Swinging Strike 1-2: Strikes out swinging
|
Batting: RHB Xavier López
|
0-0: Ball 1-0: Ball 2-0: DOUBLE (Groundball, 5L) Luis Ibarra scores
|
Batting: RHB Ben Fisher
|
0-0: Ball 1-0: Ball 2-0: Ball 3-0: Base on Balls
|
Batting: RHB Steve Burton
|
0-0: Fielders Choice at 2nd, U6 (Groundball, 6M)
|
Top of the 3rd over - 2 run(s), 2 hit(s), 0 error(s), 2 left on base; Red Deer 3 - Menlo 1 |
BOTTOM OF THE 3RD |
Menlo Maniacs batting - Pitching for Red Deer Wranglers : RHP William Bryant
|
Batting: RHB António López
|
0-0: Ball 1-0: Swinging Strike 1-1: Swinging Strike 1-2: Foul Ball, location: 2F 1-2: Strikes out swinging
|
Batting: RHB Gilberto León
|
0-0: Called Strike 0-1: Swinging Strike 0-2: Ball 1-2: Strikes out swinging
|
Batting: RHB Currito Campos
|
0-0: Called Strike 0-1: Ground out 5-3 (Groundball, 56)
|
Bottom of the 3rd over - 0 run(s), 0 hit(s), 0 error(s), 0 left on base; Red Deer 3 - Menlo 1 |
TOP OF THE 4TH |
Red Deer Wranglers batting - Pitching for Menlo Maniacs : RHP José Córdova
|
Batting: RHB Ricardo González
|
0-0: Ball 1-0: Ball 2-0: Called Strike 2-1: SINGLE (Groundball, 34D)
|
Batting: RHB Luis Peña
|
0-0: Ball 1-0: Ball 2-0: Swinging Strike 2-1: Ball 3-1: Foul Ball, location: 2F 3-2: Foul Ball, location: 2F 3-2: Strikes out swinging
|
Batting: RHB Art Cameron
|
0-0: Fielders Choice at 2nd, 3-6 (Groundball, 34)
|
Batting: LHB Jorge Olvera
|
0-0: Ball Art Cameron is caught stealing 2nd base
|
Top of the 4th over - 0 run(s), 1 hit(s), 0 error(s), 0 left on base; Red Deer 3 - Menlo 1 |
BOTTOM OF THE 4TH |
Menlo Maniacs batting - Pitching for Red Deer Wranglers : RHP William Bryant
|
Batting: RHB Jason Blair
|
0-0: Foul Ball, location: 2F 0-1: Ball 1-1: Fly out, F6 (Line Drive, 6M)
|
Batting: RHB Joe Noble
|
0-0: Ball 1-0: Ball 2-0: Foul Ball, location: 2F 2-1: Foul Ball, location: 2F 2-2: SINGLE (Groundball, 4MD)
|
Batting: LHB Tim Ramsey
|
0-0: Called Strike 0-1: Foul Ball, location: 2F 0-2: Ball 1-2: Ground out 4-3 (Groundball, 4M) Joe Noble to second
|
Batting: LHB César Rodríguez
|
0-0: Foul Ball, location: 2F 0-1: Foul Ball, location: 2F 0-2: Ball 1-2: Ball 2-2: Strikes out swinging
|
Bottom of the 4th over - 0 run(s), 1 hit(s), 0 error(s), 1 left on base; Red Deer 3 - Menlo 1 |
TOP OF THE 5TH |
Red Deer Wranglers batting - Pitching for Menlo Maniacs : RHP José Córdova
|
Batting: LHB Jorge Olvera
|
0-0: Ball 1-0: Called Strike 1-1: Ball 2-1: Called Strike 2-2: Ball 3-2: Foul Ball, location: 2F 3-2: Foul Ball, location: 2F 3-2: Foul Ball, location: 2F 3-2: Fly out, F8 (Flyball, 8LS)
|
Batting: RHB Luis Ibarra
|
0-0: Called Strike 0-1: Ball 1-1: Ball 2-1: Fly out, F9 (Flyball, 9)
|
Batting: LHB Fred Abrams
|
0-0: Foul Ball, location: 2F 0-1: DOUBLE (Flyball, 9D)
|
Pitching: RHP Wayne Williams
|
|
Batting: RHB Xavier López
|
0-0: Called Strike 0-1: Ball 1-1: Ball 2-1: Ball 3-1: Foul Ball, location: 2F 3-2: Ground out 6-3 (Groundball, 6)
|
Top of the 5th over - 0 run(s), 1 hit(s), 0 error(s), 1 left on base; Red Deer 3 - Menlo 1 |
BOTTOM OF THE 5TH |
Menlo Maniacs batting - Pitching for Red Deer Wranglers : RHP William Bryant
|
Batting: RHB Jorge Valenzuela
|
0-0: SINGLE (Groundball, 34D)
|
Batting: RHB Spencer Pritchett
|
0-0: Fly out, F7 (Flyball, 78M)
|
Batting: RHB António López
|
0-0: Ball 1-0: Ball 2-0: Ball 3-0: Called Strike Balk! Jorge Valenzuela to second 3-1: Base on Balls
|
Batting: RHB Gilberto León
|
0-0: Called Strike 0-1: Ball 1-1: Ball 2-1: Foul Ball, location: 2F 2-2: SINGLE (Groundball, 56D) Jorge Valenzuela to third António López to second Runner from 3rd tries for Home, SAFE, throw made home António López to third Gilberto León to second
|
Batting: RHB Currito Campos
|
0-0: Called Strike 0-1: Foul Ball, location: 2F 0-2: Strikes out swinging
|
Batting: RHB Jason Blair
|
0-0: Swinging Strike 0-1: Ball 1-1: Ball 2-1: Foul Ball, location: 2F 2-2: Strikes out swinging
|
Bottom of the 5th over - 1 run(s), 2 hit(s), 0 error(s), 2 left on base; Red Deer 3 - Menlo 2 |
TOP OF THE 6TH |
Red Deer Wranglers batting - Pitching for Menlo Maniacs : RHP Wayne Williams
|
Batting: RHB Ben Fisher
|
0-0: Ball 1-0: SINGLE (Line Drive, 89S)
|
Batting: RHB Steve Burton
|
0-0: Called Strike 0-1: Swinging Strike 0-2: Strikes out looking
|
Batting: RHB Ricardo González
|
0-0: Called Strike 0-1: SINGLE (Groundball, 6D) Ben Fisher to second
|
Batting: RHB Luis Peña
|
0-0: Called Strike 0-1: Foul Ball, location: 2F 0-2: Fly out, F3 (Popup, 3L)
|
Batting: RHB Art Cameron
|
0-0: Foul Ball, location: 2F 0-1: Foul Ball, location: 2F 0-2: Ball 1-2: Foul Ball, location: 2F 1-2: Foul Ball, location: 2F 1-2: Strikes out swinging
|
Top of the 6th over - 0 run(s), 2 hit(s), 0 error(s), 2 left on base; Red Deer 3 - Menlo 2 |
BOTTOM OF THE 6TH |
Menlo Maniacs batting - Pitching for Red Deer Wranglers : RHP William Bryant
|
Batting: RHB Joe Noble
|
0-0: Called Strike 0-1: Ball 1-1: Foul Ball, location: 2F 1-2: Strikes out swinging
|
Batting: LHB Tim Ramsey
|
0-0: Ball 1-0: Called Strike 1-1: Ball 2-1: Ball 3-1: Ground out 6-3 (Groundball, 6M)
|
Batting: LHB César Rodríguez
|
0-0: Foul Ball, location: 2F 0-1: Foul Ball, location: 2F 0-2: Ball 1-2: Ball 2-2: Foul Ball, location: 2F 2-2: Ball 3-2: Fly out, F2 (Popup, 23)
|
Bottom of the 6th over - 0 run(s), 0 hit(s), 0 error(s), 0 left on base; Red Deer 3 - Menlo 2 |
TOP OF THE 7TH |
Red Deer Wranglers batting - Pitching for Menlo Maniacs : RHP Wayne Williams
|
Batting: LHB Jorge Olvera
|
0-0: Ball 1-0: Ground out 4-3 (Groundball, 4)
|
Batting: RHB Luis Ibarra
|
0-0: Ground out 6-3 (Groundball, 6)
|
Batting: LHB Fred Abrams
|
0-0: Called Strike 0-1: Ball 1-1: Called Strike 1-2: Strikes out swinging
|
Top of the 7th over - 0 run(s), 0 hit(s), 0 error(s), 0 left on base; Red Deer 3 - Menlo 2 |
BOTTOM OF THE 7TH |
Menlo Maniacs batting - Pitching for Red Deer Wranglers : RHP William Bryant
|
Pitching: RHP Michael Walton
|
|
Batting: RHB Jorge Valenzuela
|
0-0: Ball 1-0: Called Strike 1-1: Ball 2-1: Foul Ball, location: 2F 2-2: Strikes out looking
|
Batting: RHB Spencer Pritchett
|
0-0: Foul Ball, location: 2F 0-1: Called Strike 0-2: Ball 1-2: Strikes out swinging
|
Batting: RHB António López
|
0-0: Called Strike 0-1: Foul Ball, location: 2F 0-2: Foul Ball, location: 2F 0-2: Strikes out swinging
|
Bottom of the 7th over - 0 run(s), 0 hit(s), 0 error(s), 0 left on base; Red Deer 3 - Menlo 2 |
TOP OF THE 8TH |
Red Deer Wranglers batting - Pitching for Menlo Maniacs : RHP Wayne Williams
|
Batting: RHB Xavier López
|
0-0: Ball 1-0: Called Strike 1-1: Swinging Strike 1-2: Ball 2-2: Strikes out swinging
|
Batting: RHB Ben Fisher
|
0-0: Called Strike 0-1: Foul Ball, location: 2F 0-2: Ball 1-2: Ground out 4-3 (Groundball, 4)
|
Batting: RHB Steve Burton
|
0-0: Called Strike 0-1: Ground out 5-3 (Groundball, 56)
|
Top of the 8th over - 0 run(s), 0 hit(s), 0 error(s), 0 left on base; Red Deer 3 - Menlo 2 |
BOTTOM OF THE 8TH |
Menlo Maniacs batting - Pitching for Red Deer Wranglers : RHP Michael Walton
|
Pitching: RHP Daniel Casey
|
|
Batting: RHB Gilberto León
|
0-0: Swinging Strike 0-1: Ball 1-1: Ground out 5-3 (Groundball, 56)
|
Batting: RHB Currito Campos
|
0-0: Ball 1-0: Ball 2-0: Ball 3-0: Base on Balls
|
Pinch Runner at 1st William Rogers:
|
|
Batting: RHB Jason Blair
|
0-0: Ball 1-0: Called Strike 1-1: Ball 2-1: Ball 3-1: Base on Balls William Rogers to second
|
Batting: RHB Joe Noble
|
0-0: Called Strike 0-1: Ball 1-1: Ball 2-1: SINGLE (Groundball, 34D) (infield hit) William Rogers to third Jason Blair to second
|
Pitching: LHP Macy Catron
|
|
Pinch Hitting: RHB José Méndez
|
0-0: Fly out, F8 (Flyball, 8RS) Runner from 3rd tags up, OUT at HOME
|
Bottom of the 8th over - 0 run(s), 1 hit(s), 0 error(s), 2 left on base; Red Deer 3 - Menlo 2 |
TOP OF THE 9TH |
Red Deer Wranglers batting - Pitching for Menlo Maniacs : RHP Wayne Williams
|
Now at 1B: José Méndez
|
|
Now in RF: Dave Warren
|
|
Batting: RHB Ricardo González
|
0-0: Ball 1-0: SINGLE (Groundball, 34D)
|
Batting: RHB Luis Peña
|
0-0: Called Strike 0-1: 2-RUN HOME RUN (Flyball, 78XD), Distance : 418 ft
|
Batting: RHB Art Cameron
|
0-0: Ball 1-0: Called Strike 1-1: Called Strike 1-2: Strikes out swinging
|
Batting: LHB Jorge Olvera
|
0-0: Ball 1-0: Ball 2-0: Called Strike 2-1: Ball 3-1: Base on Balls
|
Batting: RHB Luis Ibarra
|
0-0: Fielders Choice at 2nd, 4-6 (Groundball, 4)
|
Batting: LHB Fred Abrams
|
0-0: Called Strike 0-1: Foul Ball, location: 2F 0-2: Foul Ball, location: 2F 0-2: Ball 1-2: Ball 2-2: Strikes out swinging
|
Top of the 9th over - 2 run(s), 2 hit(s), 0 error(s), 1 left on base; Red Deer 5 - Menlo 2 |
BOTTOM OF THE 9TH |
Menlo Maniacs batting - Pitching for Red Deer Wranglers : LHP Macy Catron
|
Pitching: LHP Manuel Gil
|
|
Batting: LHB César Rodríguez
|
0-0: Swinging Strike 0-1: Foul Ball, location: 2F 0-2: Ground out U3 (Groundball, 3L)
|
Batting: RHB Jorge Valenzuela
|
0-0: Called Strike 0-1: Swinging Strike 0-2: Strikes out looking
|
Batting: RHB Spencer Pritchett
|
0-0: Swinging Strike 0-1: Ball 1-1: Swinging Strike 1-2: Foul Ball, location: 2F 1-2: SINGLE (Line Drive, 6MD)
|
Batting: RHB António López
|
0-0: Ball 1-0: Called Strike 1-1: Swinging Strike 1-2: Strikes out swinging
|
Bottom of the 9th over - 0 run(s), 1 hit(s), 0 error(s), 1 left on base; Red Deer 5 - Menlo 2 |
|